 Dungeon Crawl Stone Soup version bcrawl-1.12-10-g10a67aac0f (webtiles) character file.

Game seed: 4328388496441549757

319 MisterOstroum the Covered (level 6, -7/49 HPs)
             Began as a Formicid Archaeologist on June 16, 2019.
             Shot with an arrow by a centaur (8 damage)
             ... on level 5 of the Dungeon.
             The game lasted 00:12:27 (4942 turns).

MisterOstroum the Covered (Formicid Archaeologist)  Turns: 4942, Time: 00:12:27

Health: -7/49      AC: 11    Str: 17    XL:     6   Next: 74%
Magic:  6/6        EV: 17    Int: 14    God:
Gold:   101        SH:  0    Dex: 14    Spells: 5/5 levels left

rFire    . . .     SeeInvis +   s - +1 flail
rCold    . . .     Gourm    .   (no shield)
rNeg     . . .     Faith    .   a - +0 acid dragon scales
rPois    .         Spirit   .   (helmet unavailable)
rElec    .         Reflect  .   (no cloak)
rCorr    +         Harm     .   c - +1 pair of gloves
MR       .....                  b - +1 pair of boots
Stlth    +++.......             i - amulet of inaccuracy (curse)
HPRegen  0.16/turn              (no ring)
MPRegen  0.10/turn              (no ring)

@: agile, studying Armour
A: permanent stasis, dig shafts and tunnels, four strong arms, antennae 3
a: Dig, Shaft Self


You were on level 5 of the Dungeon.
You were not hungry.

You visited 1 branch of the dungeon, and saw 7 of its levels.

You collected 101 gold pieces.

Inventory:

Hand Weapons
 q - a +0 short sword
 s - a +1 flail (weapon)
Missiles
 h - 774 stones (quivered)
Armour
 a - +0 acid dragon scales (worn)
 b - a +1 pair of boots (worn)
 c - a +1 pair of gloves (worn)
Jewellery
 i - a cursed amulet of inaccuracy (around neck)
Scrolls
 g - a scroll of identify {@r1}
Potions
 k - a potion of agility {@q5 !q}
 n - a potion of magic
Books
 d - a manual of Armour
Miscellaneous
 f - an ancient crate
Comestibles
 e - 5 rations {!d}
 j - 2 chunks of flesh


   Skills:
 + Level 4.7 Fighting
 + Level 2.7 Maces & Flails
 + Level 5.2 Armour
 - Level 2.6 Dodging
 - Level 4.0 Stealth


You had 5 spell levels left.
You didn't know any spells.
Your spell library was empty.

Dungeon Overview and Level Annotations

Branches:
Dungeon (7/12)
 Temple: D:4-7         Lair: D:7-10

Altars:
Ashenzari
Hepliaklqana
Nemelex Xobeh
Yredelemnul
The Shining One

Shops:
D:7 =

Annotations:
D:1 Terence
D:2 Sigmund
D:5 Grinder


Innate Abilities, Weirdness & Mutations

You cannot be hasted, slowed, berserked, paralysed or teleported.
You can dig through walls and to a lower floor.
Your four strong arms can wield two-handed weapons with a shield.
You have a pair of large antennae on your head. (SInv)


Message History

You extend your mandibles.
You can't dig through that.
A wight and a skeleton come into view.
A wight comes into view. It is wielding a +0 mace.
The wight moves out of view.
There is a stone staircase leading up here.
You climb upwards.
There is a stone staircase leading down here.
There is an escape hatch in the ceiling here.
Really go through this one-way escape hatch?
A mysterious force pulls you upwards. The hatch slams shut behind you.
Grinder comes into view.
Grinder drinks a potion.
Grinder flickers and vanishes for a moment.
Grinder gestures at you. Pain shoots through your body!
Found a scroll of identify.
Found a stone staircase leading down.
You feel agile all of a sudden. Grinder hits you but does no damage.
You hit Grinder.
Grinder is lightly wounded.
A centaur comes into view.
Grinder hits you but does no damage.
You closely miss Grinder.
Grinder is lightly wounded.
Grinder completely misses you.
A jackal comes into view.
You barely miss Grinder.
Grinder is lightly wounded.
Grinder closely misses you.
Grinder says, "Wait up."
Grinder misses you.
You barely miss Grinder.
Grinder is lightly wounded.
Grinder hits you but does no damage.
The centaur shouts!
The jackal barks!
You sock Grinder!
Grinder is moderately wounded.
You hear a bark!
The centaur wields a +0 shortbow.
The centaur shoots an arrow.
The arrow hits you. Grinder closely misses you.
You sock Grinder!
Grinder is heavily wounded.
The centaur shoots an arrow.
The arrow barely misses you.
Grinder blinks!
A jackal and a skeleton come into view.
The centaur shoots an arrow.
The arrow closely misses you.
The centaur shoots an arrow.
The arrow hits you but does no damage. The jackal misses you.
Grinder misses you.
The centaur shoots an arrow.
The arrow closely misses you.
The arrow barely misses the jackal.
The jackal closely misses you.
You see here a scroll of identify {@r1}.
You barely miss Grinder.
Grinder is heavily wounded.
The centaur shoots an arrow.
The arrow hits you!
* * * LOW HITPOINT WARNING * * *
Grinder barely misses you.
An ogre comes into view. It is wielding a +0 giant spiked club.
The jackal misses you. Grinder closely misses you.
The jackal bites you but does no damage.
You miss Grinder.
Grinder is heavily wounded.
The centaur unwields a +0 shortbow.
The centaur hits you.
* * * LOW HITPOINT WARNING * * *
The jackal completely misses you.
A hound zombie comes into view.
The jackal closely misses you. Grinder hits you but does no damage.
The jackal misses you. The centaur closely misses you.
The bullfrog skeleton hits you but does no damage.
The ogre shouts!
You hit Grinder.
Grinder is heavily wounded.
The jackal misses you. The centaur hits you.
* * * LOW HITPOINT WARNING * * *
The jackal barely misses you. Grinder hits you but does no damage.
The bullfrog skeleton closely misses you.
The jackal completely misses you. The centaur misses you. The jackal bites you.
* * * LOW HITPOINT WARNING * * *
You hit Grinder.
Grinder is heavily wounded.
The bullfrog skeleton hits you but does no damage.
The jackal completely misses you.
The centaur hits you but does no damage.
Grinder says, "At least Makhleb appreciates what I'm doing."
Grinder gestures at you. You resist with some effort.
The jackal bites you but does no damage.
The bullfrog skeleton barely misses you.
The jackal barely misses you. The centaur misses you.
You sock Grinder!
Grinder is severely wounded.
The jackal misses you. Grinder hits you.
* * * LOW HITPOINT WARNING * * *
You writhe in agony.
* * * LOW HITPOINT WARNING * * *
The jackal barely misses you.
The bullfrog skeleton closely misses you.
The centaur misses you. The jackal misses you.
Grinder blinks!
The centaur wields a +0 shortbow.
The centaur shoots an arrow.
The arrow hits you!
You die...

######### .........
........###### #
.............#..
##.##...5......
#..c.......
##.##.Z?.......
......h@h...........# #
...##.OZ............###.
... #......$........#...
#. .................#.##
# #...#.....#...........
......####./.........##
#...... ..............
....... .###.....Z...
#.......Z.....


You could see Grinder (invisible), an ogre, a centaur, a hound zombie, 2 jackals
and a bullfrog skeleton.

Vanquished Creatures
  A scorpion (D:7)
  2 crimson imps (D:4)
  A bullfrog zombie (D:7)
  A hound (D:4)
  2 worker ants (D:4)
  3 adders
  2 worms (D:3)
  A dart slug (D:3)
  4 leopard geckos
  2 orcs (D:3)
  3 ball pythons
  2 bats
  2 giant cockroaches
  3 goblins (D:1)
  6 hobgoblins
  6 jackals
  7 kobolds
  3 frilled lizards
  6 rats
57 creatures vanquished.

Notes
Turn   | Place    | Note
-------+----------+-------------------------------------------
     0 | D:1      | MisterOstroum the Formicid Archaeologist began the quest
                  | for the Orb.
     0 | D:1      | Reached XP level 1. HP: 15/15 MP: 1/1
   201 | D:1      | Reached XP level 2. HP: 12/22 MP: 2/2
  1355 | D:2      | Noticed Terence
  1590 | D:2      | Reached XP level 3. HP: 29/29 MP: 3/3
  1605 | D:2      | Found a shattered altar of Ashenzari.
  1605 | D:2      | Found a glowing golden altar of the Shining One.
  1689 | D:2      | Noticed Sigmund
  1945 | D:1      | Reached skill level 1 in Armour
  2410 | D:3      | Reached skill level 2 in Armour
  2471 | D:3      | Found a basalt altar of Yredelemnul.
  2764 | D:3      | Reached XP level 4. HP: 35/35 MP: 4/4
  2844 | D:3      | Found a hazy altar of Hepliaklqana.
  2908 | D:3      | Found a sparkling altar of Nemelex Xobeh.
  2915 | D:3      | You fall through a shaft!
  3356 | D:3      | Reached skill level 1 in Maces & Flails
  3634 | D:4      | Reached skill level 3 in Armour
  3634 | D:4      | Reached XP level 5. HP: 21/42 MP: 5/5
  3978 | D:4      | Noticed an ogre
  3984 | D:5      | Entered Level 5 of the Dungeon
  4082 | D:4      | Noticed an ogre
  4365 | D:4      | Reached skill level 4 in Armour
  4365 | D:4      | Reached XP level 6. HP: 34/48 MP: 6/6
  4551 | D:4      | Noticed a hornet
  4558 | D:4      | You fall through a shaft for 3 floors!
  4583 | D:7      | Found Bikhlycla's Jewellery Boutique.
  4597 | D:7      | Reached skill level 5 in Armour
  4926 | D:5      | Noticed Grinder
  4937 | D:5      | Noticed an ogre
  4941 | D:5      | HP: 1/49 [Grinder (2)]
  4942 | D:5      | Shot with an arrow by a centaur

Skill      XL: |  1  2  3  4  5  6 |
---------------+-------------------+-----
Fighting       | 2 3 4 |  4.7
Armour         | 2 3 4 5 |  5.2
Maces & Flails | 1 2 |  2.7
Dodging        | |  2.6
Stealth        | |  4.0

Action                   |  1- 3 |  4- 6 || total
-------------------------+-------+-------++-------
Melee: Mace              |    59 |       ||    59
       Unarmed           |    12 |       ||    12
       Club              |    58 |       ||    58
       Dagger            |    29 |       ||    29
       Short sword       |    33 |   131 ||   164
       Flail             |    17 |   361 ||   378
Throw: Stone             |     1 |     8 ||     9
 Abil: Dig               |     1 |     3 ||     4
       Shaft Self        |       |     2 ||     2
  Use: Scroll            |     3 |     7 ||    10
       Potion            |       |     1 ||     1
 Stab: Sleeping          |     6 |     5 ||    11
  Eat: Chunk             |     6 |     4 ||    10
       Ration            |       |     2 ||     2
Armor: Robe              |   107 |     8 ||   115
       Scale mail        |       |    78 ||    78
       Acid dragon scale |       |   201 ||   201
Dodge: Dodged            |   204 |   441 ||   645
